 Dungeon Crawl Stone Soup version 0.29-a0-284-gf9362112df (webtiles) character file.

Game seed: 5533263734257377662

31 gzilladon the Chopper (level 3, -1/33 HPs)
             Began as a Hill Orc Monk on Mar 25, 2022.
             Slain by a worm (7 damage)
             ... on level 1 of the Dungeon.
             The game lasted 00:05:06 (1490 turns).

gzilladon the Chopper (Hill Orc Monk)               Turns: 1490, Time: 00:05:06

Health: -1/33      AC:  3    Str: 15    XL:     3   Next: 22%
Magic:  3/3        EV: 12    Int: 10    God:
Gold:   69         SH:  0    Dex: 13    Spells: 2/2 levels left

rFire   . . .      SeeInvis .   a - +0 hand axe
rCold   . . .      Faith    .   (no shield)
rNeg    . . .      Spirit   .   f - +0 leather armour
rPois   .          Reflect  .   (no helmet)
rElec   .          Harm     .   (no cloak)
rCorr   .          Rampage  .   (no gloves)
Will    .....                   (no boots)
Stlth   ++........              (no amulet)
HPRegen 0.11/turn               (no ring)
MPRegen 0.08/turn               (no ring)

@: no status effects
A: no striking features
a: no special abilities


You were on level 1 of the Dungeon.
You visited 1 branch of the dungeon, and saw 2 of its levels.

You collected 69 gold pieces.

Inventory:

Hand Weapons
 a - a +0 hand axe (weapon)
Missiles
 d - 65 stones (quivered)
Armour
 b - a +0 robe
 f - a +0 leather armour (worn)
Scrolls
 e - a scroll of enchant weapon {unknown}
Potions
 c - a potion of ambrosia


   Skills:
 + Level 3.9 Fighting
 * Level 5.1 Axes
 + Level 2.6 Dodging
 - Level 1.5 Stealth


You had 2 spell levels left.
You didn't know any spells.
Your spell library was empty.

Dungeon Overview and Level Annotations

Branches:
Dungeon (2/15)

Altars:


Message History

The orc closely misses you.
You closely miss the orc.
The orc is severely wounded.
The orc closely misses you.
You hit the orc but do no damage.
The orc is severely wounded.
The orc hits you with a +0 hand axe!
You barely miss the orc.
The orc is severely wounded.
The orc barely misses you.
You hit the orc.
You kill the orc!
There is a stone staircase leading up here.
The hobgoblin hits you with a +0 long sword of flaming.
The hobgoblin burns you.
You climb upwards.
There is a stone staircase leading down here.
You hit the hobgoblin.
The hobgoblin is heavily wounded.
You hit the worm. The hobgoblin misses you.
The worm bites you but does no damage.
You hit the hobgoblin.
You kill the hobgoblin!
You barely miss the worm. You hit the worm but do no damage.
The worm is lightly wounded.
The worm completely misses you.
You hit the worm.
The worm is lightly wounded.
The worm bites you.
* * * LOW HITPOINT WARNING * * *
You hit the worm but do no damage.
The worm is lightly wounded.
You hit the worm.
The worm is moderately wounded.
The worm closely misses you.
You hit the worm but do no damage.
The worm is moderately wounded.
The worm bites you!
You die...

≈..#.# #.....# #.....#.# #.#..#
≈≈≈#.# ###.#.# #.......# #.###.
≈..#.# .#.# ##+###### #.# ##
P..#.#####.#.# ##...## #.####
...#.......#.# ##.....## #.....
#########.##.###.......## ##.###
########...#.##.........####...##
..............')........'.......#
#.######.).#.##.@.......####...##
#.#######.##.###.w.....## ##....
#.#.......#.#.###.....## ##...
#.#.#####..###.###...## #...
#.#.##....## ##.###'## ##)#
#.#.##.##..###.## #.# #.#
..#.##.##.#.#.## #.# #.#
###.##.##.##.## ##.## #.#
#.......########...### #.#


You could see a worm.

Vanquished Creatures
  2 dart slugs (D:1)
  An orc (D:2)
  A bat (D:1)
  2 endoplasms (D:1)
  A giant cockroach (D:1)
  3 goblins (D:1)
  5 hobgoblins
  4 kobolds (D:1)
  A quokka (D:1)
  A ball python (D:1)
21 creatures vanquished.

Notes
Turn   | Place    | Note
-------+----------+-------------------------------------------
     0 | D:1      | gzilladon the Hill Orc Monk began the quest for the Orb.
     0 | D:1      | Reached XP level 1. HP: 19/19 MP: 1/1
   360 | D:1      | Reached XP level 2. HP: 23/27 MP: 2/2
   874 | D:1      | Found a faded altar of an unknown god.
  1169 | D:1      | Reached XP level 3. HP: 32/33 MP: 3/3
  1199 | D:1      | Reached skill level 5 in Axes
  1490 | D:1      | Slain by a worm

Illustrated notes

Levels and vault maps discovered:
D:1:      lightli_arrival_windingriver, layout_loops_corners,
          basic_ecumenical_altar
D:2:      layout_basic, serial_shops, shop_statue,
          chequers_serial_rivers_micro_e, minmay_misc_feat_cross

Skill      XL: |  1  2  3 |
---------------+----------+-----
Axes           | 5 |  5.1
Fighting       | |  3.9
Dodging        | |  2.6
Stealth        | |  1.5

Action                   || total
-------------------------++-------
Melee: Hand axe          ||    85
 Stab: Sleeping          ||     3
Armor: Robe              ||    14
       Leather armour    ||     3
Dodge: Dodged            ||    58

Table legend: (Time is in decaauts)
 A = Elapsed time spent in this place.
 B = Non-inter-level travel time spent in this place.
 C = Inter-level travel time spent in this place.
 D = Time resting spent in this place.
 E = Time spent auto-exploring this place.
 F = Levels seen in this place.
 G = Mean time per level.
                   A        B        C        D        E       F      G
               +--------+--------+--------+--------+--------+-----+--------+
         Total |   1500 |   1358 |    142 |    420 |      0 |   2 |  750.0 |
       Dungeon |   1500 |   1358 |    142 |    420 |      0 |   2 |  750.0 |
               +--------+--------+--------+--------+--------+-----+--------+

Top non-repeatable levels by time:
     D:1: 1485 daAuts
     D:2: 15 daAuts
